 Dungeon Crawl Stone Soup version 0.31-a0-1009-g454b1f1e0a (webtiles) character file.

Game seed: 14446400853425510754

4365 Azuregosa the Covert (level 10, -7/69 HPs)
             Began as an Octopode Delver on Nov 14, 2023.
             Was an Elder of Qazlal.
             Mangled by an ogre
             ... wielding a +0 halberd
              (19 damage)
             ... in a bailey.
             The game lasted 00:22:32 (6087 turns).

Azuregosa the Covert (Octopode Delver)              Turns: 6087, Time: 00:22:32

Health: -7/69      AC:  1    Str: 13    XL:     10   Next: 34%
Magic:  14/19      EV: 13    Int: 16    God:    Qazlal [****..]
Gold:   183        SH:  5    Dex: 13    Spells: 17/21 levels left

rFire   . . .        u - +7 whip "Killer Klown's Peril" {flame, SInv}
rCold   . . .        (no shield)
rNeg    . . .        (helmet restricted)
rPois   .            f - amulet of regeneration
rElec   .            (no ring)
rCorr   .            (no ring)
SInv    +            (no ring)
Will    .....        (no ring)
Stlth   +++          (no ring)
HPRegen 1.11/turn    (no ring)
MPRegen 0.16/turn    (no ring)
                     (no ring)

%: repel missiles
@: studying Shapeshifting
A: almost no armour, amphibious, 8 rings, camouflage 1, gelatinous body 1,
(nimble swimmer 1), tentacles
a: Renounce Religion, Upheaval, Elemental Force


You were in a bailey.
You worshipped Qazlal.
Qazlal was greatly pleased with you.
You visited 2 branches of the dungeon, and saw 9 of its levels.
You also visited: Bailey.

You collected 363 gold pieces.
You spent 180 gold pieces at shops.

Inventory:

Hand Weapons
 l - a +0 dagger of draining
 u - the +7 whip "Killer Klown's Peril" (weapon) {flame, SInv}
   (You found it on level 2 of the Dungeon)

   SInv:      It lets you see invisible.
 E - a +2 whip of holy wrath
 M - a +4 battleaxe
Missiles
 k - 59 stones
 r - 6 boomerangs
 D - 13 poisoned darts
Magical Staves
 m - a staff of poison
Jewellery
 f - an amulet of regeneration (around mantle)
 G - a ring of fire
Talismans
 t - a beast talisman
 w - a blade talisman
Wands
 e - a wand of digging (3)
 y - a wand of flame (46)
 K - a wand of charming (6)
 N - a wand of light (11)
Scrolls
 a - a scroll of fog
 g - 7 scrolls of identify {unknown}
 h - 2 scrolls of immolation {unknown}
 j - 2 scrolls of summoning {unknown}
 n - 3 scrolls of enchant weapon {unknown}
 p - 4 scrolls of enchant armour {unknown}
 s - a scroll of torment {unknown}
 x - a scroll of brand weapon {unknown}
 H - a scroll of noise {unknown}
 J - a scroll of teleportation {unknown}
Potions
 b - 2 potions of enlightenment {unknown}
 c - 2 potions of mutation {unknown}
 d - 3 potions of haste
 i - a potion of ambrosia {unknown}
 o - 2 potions of attraction {unknown}
 q - 2 potions of berserk rage {unknown}
 v - a potion of magic {unknown}
 z - 3 potions of might {unknown}
 A - 2 potions of invisibility {unknown}
 B - a potion of heal wounds {unknown}
 C - a potion of degeneration {unknown}
 F - 2 potions of cancellation {unknown}
 I - a potion of lignification {unknown}
 L - a potion of curing {unknown}


   Skills:
 + Level 6.3 Fighting
 + Level 5.4 Maces & Flails
 - Level 2.0 Dodging
 - Level 9.0 Stealth
 - Level 2.0 Unarmed Combat
 - Level 6.3 Spellcasting
 - Level 4.4 Conjurations
 - Level 4.1 Air Magic
 - Level 8.1 Poison Magic


You had 17 spell levels left.
You knew the following spells:

 Your Spells              Type           Power      Damage    Failure   Level
a - Magic Dart            Conj           76%        1d6       2%          1
b - Mephitic Cloud        Conj/Pois/Air  22%        N/A       4%          3

Your spell library contained the following spells:

 Spells                   Type           Power      Damage    Failure   Level
 Call Imp                 Summ           10%        N/A       21%         2
 Summon Ice Beast         Ice/Summ       5%         N/A       80%         4
 Summon Mana Viper        Hex/Summ       5%         N/A       98%         5
 Monstrous Menagerie      Summ           2%         N/A       100%        7


Dungeon Overview and Level Annotations

Branches:
Dungeon (8/15)             Temple (1/1) D:6            Lair (0/5) D:8
 Bailey (1/1)

Altars:
Ashenzari
Cheibriados
Dithmenos
Elyvilon
Fedhas
Gozag
Hepliaklqana
Kikubaaqudgha
Makhleb
Nemelex Xobeh
Okawaru
Qazlal
Ru
Sif Muna
Trog
Uskayaw
Vehumet
Wu Jian
Xom
Yredelemnul
Zin
The Shining One

Shops:
D:1 *


Innate Abilities, Weirdness & Mutations

You cannot wear most types of armour.
You are amphibious.
You can wear up to eight rings at the same time.
Your skin changes colour to match your surroundings (Stealth+).
Your rubbery body absorbs attacks. (AC +1, EV +1)
((You are camouflaged when in or above water. (Stealth+)))
You have tentacles for arms and can constrict up to eight enemies at once.


Message History

The stinking cloud engulfs the spriggan but does no damage.
The spriggan is engulfed in noxious fumes.
The spriggan hits the ogre with a +0 spear!
You enter the shallow water. 2 ogres come into view.
You hear an angry hiss.
The ogre is engulfed in noxious fumes.
An ogre comes into view. It is wielding a +0 halberd.
The spriggan is engulfed in noxious fumes. x2
The spriggan appears confused.
You whack the ogre! You burn the ogre.
The ogre is almost dead.
The ogre hits you with a +0 halberd!
* * * LOW HITPOINT WARNING * * *
The spriggan is engulfed in noxious fumes.
The ogre closely misses you.
You hear a shout!
The spriggan is engulfed in noxious fumes.
The spriggan appears confused.
Casting: Mephitic Cloud (dangerous; 4% risk of failure)
Confirm with . or Enter, or press ? or * to list all spells.
Aiming: Magic Dart (safe; 2% risk of failure)
Press: ? - help, Shift-Dir - straight line, f - ogre
Aim: an ogre, wielding a +0 halberd (sparse dust, almost dead, 100% to hit)
The magic dart hits the ogre.
You kill the ogre!
Qazlal accepts your kill.
You hear a splash.
An ogre comes into view. It is wielding a +0 halberd.
Okay, then.
You hear two shouts!
There is an empty arch of ancient stone here.
There is nothing on the other side of the stone arch.
You hear a shout!
The ogre barely misses you.
The spriggan hits the ogre with a +0 spear!
You hear a shout!
The ogre misses you.
The ogre hits you from afar with a +0 halberd!!
You die...

#..# ##.##
#.O# ##...##
#..## #.....#
#..###.....##
#..~~~..∩○..#
♣..~~OOi.°..#
#..~~~.☼§.○.#
#..~~OO.....#
#.)~~~..@...#
#..###.....##
#..## #.....#
#..# ##...##
#..# ##.##
...# ### ...#
###


You could see 4 ogres and a spriggan (confused).

Vanquished Creatures
  A cyclops (D:8)
  A troll (D:7)
  2 steam dragons
  4 yaks (D:8)
  4 water moccasins
  An ice beast (D:7)
  A sky beast (D:7)
  2 orc warriors
  3 black bears
  2 ogres (Bailey)
  2 centaurs (D:7)
  2 phantoms
  2 kobold brigands
  2 bullfrogs
  2 scorpions
  2 wights (D:8)
  2 howler monkeys
  A gnoll bouda (D:7)
  6 hounds
  3 jellies
  An orc priest (D:5)
  An iron imp (D:6)
  2 iguanas
  9 orc wizards (D:6)
  5 adders
  5 gnolls
  A shadow imp (D:7)
  9 worms
  3 dart slugs
  14 orcs
  7 endoplasms
  A giant cockroach (D:1)
  6 goblins
  14 hobgoblins
  2 jackals (D:4)
  5 quokkas
  4 ball pythons
  7 bats
  2 frilled lizards
  14 kobolds
  10 rats
167 creatures vanquished.

Notes
Turn   | Place    | Note
-------+----------+-------------------------------------------
     0 | D:5      | Azuregosa the Octopode Delver began the quest for the Orb.
     0 | D:5      | Reached XP level 1. HP: 16/16 MP: 1/1
    53 | D:4      | Noticed an iguana
    94 | D:3      | Reached skill level 7 in Stealth
    94 | D:3      | Reached XP level 2. HP: 15/21 MP: 2/2
   225 | D:3      | Reached XP level 3. HP: 26/26 MP: 3/3
   299 | D:3      | Reached skill level 8 in Stealth
   520 | D:1      | Found Cuceb's General Store.
   828 | D:1      | Reached XP level 4. HP: 31/31 MP: 4/4
  1240 | D:2      | Identified the +2 pair of boots "Bifo" {+Inv rF+ Int+3}
  1327 | D:2      | Reached skill level 9 in Stealth
  1368 | D:2      | Identified the +7 whip "Killer Klown's Peril" {flame, SInv}
  1413 | D:2      | Found a faded altar of an unknown god.
  1417 | D:2      | Prayed at the altar of an unknown god.
  1417 | D:2      | Became a worshipper of Qazlal Stormbringer
  1417 | D:2      | Reached * piety under Qazlal
  2184 | D:1      | Bought a book of Minor Magic for 180 gold pieces
  2186 | D:1      | Learned a level 1 spell: Magic Dart
  2353 | D:4      | Reached XP level 5. HP: 35/36 MP: 3/5
  2357 | D:4      | Learned a level 3 spell: Mephitic Cloud
  2509 | D:4      | Reached skill level 1 in Spellcasting
  2509 | D:4      | Reached skill level 1 in Conjurations
  2610 | D:4      | Reached ** piety under Qazlal
  2767 | D:4      | Reached skill level 1 in Poison Magic
  2874 | D:4      | Reached skill level 1 in Air Magic
  2874 | D:4      | Reached XP level 6. HP: 24/42 MP: 8/8
  3040 | D:5      | Found a radiant altar of Vehumet.
  3040 | D:5      | Found a shimmering blue altar of Sif Muna.
  3040 | D:5      | Found a sparkling altar of Nemelex Xobeh.
  3067 | D:5      | Found a shadowy altar of Dithmenos.
  3068 | D:5      | Found a broken altar of Ashenzari.
  3070 | D:5      | Found a glowing golden altar of the Shining One.
  3071 | D:5      | Found a glowing silver altar of Zin.
  3077 | D:5      | Found a burning altar of Makhleb.
  3080 | D:5      | Found a hide-covered altar of Uskayaw.
  3081 | D:5      | Found a shimmering altar of Xom.
  3181 | D:5      | Reached XP level 7. HP: 46/46 MP: 10/10
  3682 | D:6      | Noticed a steam dragon
  3774 | D:6      | Found an ancient bone altar of Kikubaaqudgha.
  3872 | D:6      | Found a snail-covered altar of Cheibriados.
  3879 | D:6      | Reached XP level 8. HP: 47/52 MP: 12/12
  4058 | D:6      | Found a staircase to the Ecumenical Temple.
  4069 | Temple   | Entered the Ecumenical Temple
  4195 | D:6      | Reached *** piety under Qazlal
  4199 | D:6      | Reached skill level 5 in Poison Magic
  4616 | D:7      | Reached skill level 1 in Maces & Flails
  4709 | D:7      | Reached XP level 9. HP: 55/58 MP: 8/15
  5027 | D:7      | Reached skill level 5 in Spellcasting
  5052 | D:7      | Found a white marble altar of Elyvilon.
  5187 | D:7      | Noticed a troll
  5195 | D:7      | Killed a troll
  5210 | D:7      | HP: 2/60 [orc warrior/+0 mace (10)]
  5453 | D:7      | Reached skill level 5 in Fighting
  5627 | D:7      | Found a basalt altar of Yredelemnul.
  5679 | D:8      | Found a flagged portal.
  5857 | D:8      | Reached **** piety under Qazlal
  5858 | D:8      | Reached XP level 10. HP: 65/67 MP: 18/18
  5960 | D:8      | Reached skill level 5 in Maces & Flails
  6022 | D:8      | Noticed a cyclops
  6033 | D:8      | Killed a cyclops
  6035 | D:8      | Found a staircase to the Lair.
  6061 | Bailey   | Entered a bailey
  6078 | Bailey   | HP: 2/68 [ogre/+0 halberd (11)]
  6087 | Bailey   | Mangled by an ogre

Illustrated notes

Levels and vault maps discovered:
D:1:      dpeg_arrival_erosion, layout_loops_corners, serial_shops, shop,
          minivault_26, st_stairs_3
D:2:      layout_basic, chequers_ecumenical_altar_simple,
          kennysheep_generic_room_6
D:3:      layout_loops_ring, nicolae_wormholes
D:4:      layout_basic, uniq_blork_the_orc
D:5:      layout_gridville, nicolae_overflow_hallway_of_the_gods
D:6:      minmay_flawed_box, layout_layer_cave, slow_altar_1,
          nicolae_kikubaaqudgha_miasma_corner, minmay_temple_entry_glass
D:7:      layout_gridville, kennysheep_ying_yang
D:8:      minmay_razor_zed, layout_loops_ring, lair_entry_dummy, enter_bailey_8
Temple:   hellmonk_temple_micro_hex
Bailey:   bailey_polearm_enchanted_keep_hellmonk, bailey

Skill      XL: |  1  2  3  4  5  6  7  8  9 10 |
---------------+-------------------------------+-----
Stealth        | 7 8 9 |  9.0
Spellcasting   | 1 2 3 4 5 6 |  6.3
Conjurations   | 1 2 3 4 |  4.4
Poison Magic   | 1 2 4 5 7 8 |  8.1
Air Magic      | 1 2 3 4 |  4.1
Maces & Flails | 2 4 5 |  5.4
Fighting       | 5 6 |  6.3
Dodging        | |  2.0
Unarmed Combat | |  2.0

Action                     |  1- 3 |  4- 6 |  7- 9 | 10-12 || total
---------------------------+-------+-------+-------+-------++-------
  Melee: Unarmed           |    55 |       |       |       ||    55
         Constrict         |    19 |    24 |    33 |     3 ||    79
         Tentacles         |    14 |    13 |    46 |     8 ||    81
         Dagger            |    33 |    27 |       |       ||    60
         Punch             |     2 |     1 |     7 |     2 ||    12
         Whip              |       |    69 |   164 |    28 ||   261
   Cast: Magic Dart        |       |     3 |     6 |     2 ||    11
         Mephitic Cloud    |       |       |    21 |     5 ||    26
    Use: Scroll            |     1 |       |     1 |       ||     2
   Stab: Sleeping          |    15 |     8 |       |       ||    23
         Confused          |       |       |    11 |     1 ||    12
 Armour: Skin              |    24 |    40 |   103 |    20 ||   187
  Dodge: Dodged            |    43 |    48 |    87 |    13 ||   191
         Repelled          |       |       |       |     1 ||     1
  Block: Other             |       |     5 |    28 |     7 ||    40

Table legend: (Time is in decaauts)
 A = Elapsed time spent in this place.
 B = Non-inter-level travel time spent in this place.
 C = Inter-level travel time spent in this place.
 D = Time resting spent in this place.
 E = Time spent auto-exploring this place.
 F = Levels seen in this place.
 G = Mean time per level.
                   A        B        C        D        E       F      G
               +--------+--------+--------+--------+--------+-----+--------+
         Total |   6088 |   5746 |    342 |    393 |   3715 |  10 |  608.8 |
       Dungeon |   6061 |   5719 |    342 |    393 |   3713 |   8 |  757.6 |
        Temple |      1 |      1 |      0 |      0 |      0 |   1 |    1.0 |
        Bailey |     25 |     25 |      0 |      0 |      2 |   1 |   25.0 |
               +--------+--------+--------+--------+--------+-----+--------+

Top non-repeatable levels by time:
     D:6: 1107 daAuts
     D:1: 893 daAuts
     D:7: 889 daAuts
     D:4: 824 daAuts
     D:3: 809 daAuts
     D:5: 746 daAuts
     D:2: 411 daAuts
     D:8: 378 daAuts
  Bailey: 25 daAuts
  Temple: 1 daAuts
